 Dungeon Crawl Stone Soup version 0.29.0-4-gdea44cf6ec (webtiles) character file.

Game seed: 6156719954668905481

1545 qw the Grappler (level 8, -1/68 HPs)
             Began as a Ghoul Fire Elementalist on Aug 30, 2022.
             Slain by a gnoll
             ... wielding a +0 flail
             ... led by a gnoll sergeant
              (4 damage)
             ... on level 6 of the Dungeon.
             The game lasted 00:04:39 (5995 turns).

qw the Grappler (Ghoul Fire Elementalist)           Turns: 5995, Time: 00:04:39

Health: -1/68      AC: 12    Str: 14    XL:     8   Next: 87%
Magic:  9/9        EV:  4    Int: 10    God:
Gold:   253        SH:  0    Dex:  9    Spells: 9/10 levels left

rFire   . . .      SeeInvis .     - Unarmed
rCold   + + .      Faith    .   (no shield)
rNeg    + + +      Spirit   .   k - +0 plate armour
rPois   inf        Reflect  .   (no helmet)
rElec   .          Harm     .   h - +0 cloak of Saeq {Stlth+}
rCorr   .          Rampage  .   (no gloves)
Will    .....                   (no boots)
Stlth   ..........              (no amulet)
HPRegen 0.00/turn               f - ring of protection from cold
MPRegen 0.11/turn               l - +4 ring of slaying {mikee}

@: inhibited regen
A: claws 1, cold resistance 1, negative energy resistance 3, inhibited
regeneration, torment resistance 2, devour on kill
a: no special abilities


You were on level 6 of the Dungeon.
You visited 2 branches of the dungeon, and saw 7 of its levels.

You collected 253 gold pieces.


Innate Abilities, Weirdness & Mutations

You are immune to poison.
You have sharp fingernails.
Your flesh is cold resistant. (rC+)
You are immune to negative energy. (rN+++)
You do not regenerate when monsters are visible.
You are immune to unholy pain and torment.
You thrive by killing the living.


   Skills:
 - Level 5.0 Fighting
 - Level 3.6 Armour
 - Level 1.7 Dodging
 - Level 2.1 Stealth
 + Level 9.4 Unarmed Combat
 - Level 1.7 Spellcasting
 - Level 0.7 Conjurations
 - Level 2.4 Fire Magic


You had 9 spell levels left.
You knew the following spells:

 Your Spells              Type           Power      Damage    Failure   Level
a - Foxfire               Conj/Fire      16%        2x1d4     100%        1

Your spell library contained the following spells:

 Spells                   Type           Power      Damage    Failure   Level
 Scorch                   Fire           10%        2d6       100%        2
 Conjure Flame            Conj/Fire      4%         6-21      100%        3
 Inner Flame              Hex/Fire       3%         N/A       100%        3
 Flame Wave               Conj/Fire      4%         2d5       100%        4

Inventory:

Armour
 h - the +0 cloak of Saeq (worn) {Stlth+}
   (You found it on level 2 of the Dungeon)

   Stlth:     It makes you more stealthy.
 k - a +0 plate armour (worn)
Jewellery
 f - a ring of protection from cold (left claw)
 l - a +4 ring of slaying (right claw) {mikee}
Scrolls
 b - a scroll of identify
Potions
 d - 2 potions of might
 g - a potion of haste
 i - 3 potions of degeneration {unknown}
 j - a potion of attraction {unknown}

Dungeon Overview and Level Annotations

Branches:
Dungeon (6/15)             Temple (1/1) D:4

Altars:
Ashenzari
Cheibriados
Dithmenos
Fedhas
Gozag
Kikubaaqudgha
Makhleb
Nemelex Xobeh
Qazlal
Sif Muna
Trog
Uskayaw
Vehumet
Wu Jian
Xom
Yredelemnul


Message History

5986 ||| DRINKING 3 potions of heal wounds.
You feel much better.
The gnoll sergeant hits you but does no damage.
The gnoll hits you but does no damage. The orc warrior barely misses you.
5987 ||| Stepping ~*~*~tactically~*~*~ (outnumbered).
The gnoll sergeant attacks as you move away!
The gnoll sergeant hits you with a +0 spear!
The gnoll sergeant hits you from afar with a +0 spear.
The orc warrior hits you from afar with a +0 halberd!
There is an open door here.
5988 ||| DRINKING 2 potions of heal wounds.
You feel much better. The gnoll sergeant barely misses you.
The orc warrior hits you from afar with a +0 halberd!
The gnoll sergeant hits you with a +0 spear.
The gnoll barely misses you.
The orc warrior hits you with a +0 halberd!
Items here: %% ))) [.
5990 ||| DRINKING potion of heal wounds.
You feel much better.
The gnoll sergeant hits you with a +0 spear.
The gnoll hits you but does no damage.
The orc warrior hits you with a +0 halberd!
You closely miss the orc warrior. You claw the orc warrior.
You kill the orc warrior!
You scratch the gnoll sergeant but do no damage.
The gnoll sergeant hits you with a +0 spear.
The gnoll hits you but does no damage.
5993 ||| Stepping ~*~*~tactically~*~*~ (outnumbered).
The gnoll sergeant hits you but does no damage.
There is an open door here.
You scratch the gnoll.
The gnoll is moderately wounded.
The gnoll hits you with a +0 flail.
The gnoll sergeant hits you from afar with a +0 spear.
The gnoll completely misses you.
You claw the gnoll!
The gnoll is almost dead.
The gnoll hits you with a +0 flail.
You die...

#........#....#.####
#........#....#.#
+........+....#.#
#........#....#
+........#.####
#####........+..
.............#
####.........#
#.##@###### #.
#g####### #
#gg.....#
#.....o{o####.#
#........#
#........#
..........
#..........
####+####..


You could see a gnoll sergeant, an orc priest, 2 gnolls and an orc.

Vanquished Creatures
  Grinder (D:3)
  A water moccasin (D:5)
  2 black bears
  An orc warrior (D:6)
  An ice beast (D:5)
  An ogre (D:4)
  A centaur (D:3)
  A scorpion (D:5)
  A howler monkey (D:6)
  2 jellies (D:5)
  2 orc priests
  4 hounds
  A gnoll bouda (D:4)
  3 iguanas
  2 orc wizards
  7 gnolls
  8 adders
  2 ufetubi (D:5)
  3 worms
  A dart slug (D:1)
  11 orcs
  7 ball pythons
  8 bats
  7 endoplasms
  4 giant cockroaches
  3 goblins
  7 hobgoblins
  12 kobolds
  5 quokkas
  6 rats
115 creatures vanquished.

Notes
Turn   | Place    | Note
-------+----------+-------------------------------------------
     0 | D:1      | qw the Ghoul Fire Elementalist began the quest for the Orb.
     0 | D:1      | Reached XP level 1. HP: 14/14 MP: 2/2
     0 | D:1      | 0 ||| qw: Version: 0.1-a-90-g952f4b7
     0 | D:1      | 0 ||| qw: Game counter: 4284
     0 | D:1      | 0 ||| qw: Always use a shield: true
     0 | D:1      | 0 ||| qw: God list: Okawaru
     0 | D:1      | 0 ||| qw: Allow faded altars: false
     0 | D:1      | 0 ||| qw: Do Orc after D:15 true
     0 | D:1      | 0 ||| qw: Do second Lair branch before Depths: true
     0 | D:1      | 0 ||| qw: Lair rune preference: random
     0 | D:1      | 0 ||| qw: Plans: Normal
     0 | D:1      | 0 ||| PLANNING D:1-11
    99 | D:1      | Reached skill level 1 in Unarmed Combat
   112 | D:1      | 112 ||| Stepping ~*~*~tactically~*~*~ (outnumbered).
   113 | D:1      | 113 ||| Stepping ~*~*~tactically~*~*~ (outnumbered).
   121 | D:1      | Reached XP level 2. HP: 16/22 MP: 3/3
   135 | D:1      | 135 ||| Stepping ~*~*~tactically~*~*~ (stealth).
   136 | D:1      | 136 ||| Stepping ~*~*~tactically~*~*~ (stealth).
   210 | D:1      | 210 ||| Stepping ~*~*~tactically~*~*~ (hiding).
   312 | D:1      | 312 ||| Stepping ~*~*~tactically~*~*~ (hiding).
   414 | D:1      | 414 ||| Stepping ~*~*~tactically~*~*~ (hiding).
   516 | D:1      | 516 ||| Stepping ~*~*~tactically~*~*~ (hiding).
   610 | D:1      | 610 ||| Stepping ~*~*~tactically~*~*~ (hiding).
   660 | D:1      | Reached skill level 1 in Fighting
   918 | D:1      | 918 ||| Stepping ~*~*~tactically~*~*~ (stealth).
   933 | D:1      | Reached skill level 2 in Unarmed Combat
  1159 | D:1      | Found a faded altar of an unknown god.
  1206 | D:1      | Reached XP level 3. HP: 26/28 MP: 4/4
  1738 | D:1      | 1738 ||| UPGRADING to +0 chain mail.
  1748 | D:1      | 1748 ||| DROPPING +0 robe.
  1749 | D:1      | 1749 ||| UPGRADING to ring of protection from cold.
  1750 | D:1      | 1750 ||| READING scroll labelled BED LUNYLE.
  1751 | D:1      | 1751 ||| READING scroll labelled WICUXU GIEPREN.
  1752 | D:1      | 1752 ||| READING scroll labelled XOVENAEBAGO.
  1753 | D:1      | 1753 ||| DRINKING 2 emerald potions.
  1754 | D:1      | 1754 ||| DROPPING potion of magic.
  1755 | D:1      | 1755 ||| DROPPING potion of brilliance.
  1796 | D:2      | 1796 ||| STAIRDANCE
  1918 | D:2      | Reached skill level 3 in Unarmed Combat
  2293 | D:2      | Identified the +0 cloak of Saeq {Stlth+}
  2294 | D:2      | 2294 ||| Stepping ~*~*~tactically~*~*~ (stealth).
  2313 | D:2      | Reached XP level 4. HP: 35/35 MP: 5/5
  2542 | D:2      | 2542 ||| UPGRADING to +0 cloak of Saeq {Stlth+}.
  2547 | D:2      | 2547 ||| READING scroll labelled KIQUTZ SYQIEHA.
  2548 | D:2      | 2548 ||| DRINKING 2 sedimented green potions.
  2578 | D:3      | Noticed a black bear
  2587 | D:3      | Killed a black bear
  2588 | D:3      | Reached XP level 5. HP: 30/40 MP: 6/6
  2658 | D:3      | 2658 ||| Stepping ~*~*~tactically~*~*~ (stealth).
  2660 | D:3      | 2660 ||| Stepping ~*~*~tactically~*~*~ (stealth).
  2839 | D:3      | Reached skill level 4 in Unarmed Combat
  3041 | D:3      | Noticed a centaur
  3053 | D:3      | Killed a centaur
  3054 | D:3      | Reached skill level 3 in Fighting
  3054 | D:3      | Reached XP level 6. HP: 25/51 MP: 7/7
  3319 | D:3      | 3319 ||| Stepping ~*~*~tactically~*~*~ (hiding).
  3320 | D:3      | 3320 ||| Stepping ~*~*~tactically~*~*~ (hiding).
  3321 | D:3      | 3321 ||| STAIRDANCE
  3352 | D:2      | 3352 ||| UPGRADING to +0 plate armour.
  3362 | D:2      | 3362 ||| DROPPING +0 chain mail.
  3363 | D:2      | 3363 ||| UPGRADING to +4 ring of slaying {mikee}.
  3364 | D:2      | 3364 ||| DRINKING 2 purple potions.
  3435 | D:3      | 3435 ||| Stepping ~*~*~tactically~*~*~ (stealth).
  3436 | D:3      | 3436 ||| Stepping ~*~*~tactically~*~*~ (stealth).
  3479 | D:3      | Noticed Grinder
  3482 | D:3      | 3482 ||| Stepping ~*~*~tactically~*~*~ (hiding).
  3487 | D:3      | Paralysed by Grinder for 2 turns
  3495 | D:3      | Killed Grinder
  3496 | D:3      | Reached skill level 6 in Unarmed Combat
  3496 | D:3      | Reached XP level 7. HP: 46/57 MP: 8/8
  3928 | D:3      | 3928 ||| READING 2 scrolls labelled KATWED NURUPSI.
  3929 | D:3      | 3929 ||| READING scroll labelled MIDUFU US ECA.
  3932 | D:3      | 3932 ||| DROPPING scroll of noise.
  3956 | D:4      | HP: 7/57 [ogre/+0 giant club (26)]
  3961 | D:4      | 3961 ||| STAIRDANCE
  4248 | D:4      | Reached skill level 7 in Unarmed Combat
  4279 | D:4      | 4279 ||| FLEEEEING.
  4280 | D:4      | 4280 ||| FLEEEEING.
  4281 | D:4      | 4281 ||| FLEEEEING.
  4282 | D:4      | 4282 ||| FLEEEEING.
  4283 | D:4      | 4283 ||| FLEEEEING.
  4284 | D:4      | 4284 ||| FLEEEEING.
  4285 | D:4      | 4285 ||| FLEEEEING.
  4286 | D:4      | 4286 ||| FLEEEEING.
  4287 | D:4      | 4287 ||| FLEEEEING.
  4288 | D:4      | 4288 ||| FLEEEEING.
  4289 | D:4      | 4289 ||| FLEEEEING.
  4290 | D:4      | 4290 ||| FLEEEEING.
  4291 | D:4      | 4291 ||| FLEEEEING.
  4292 | D:4      | 4292 ||| FLEEEEING.
  4293 | D:4      | 4293 ||| FLEEEEING.
  4295 | D:4      | 4295 ||| FLEEEEING.
  4296 | D:4      | 4296 ||| FLEEEEING.
  4297 | D:4      | 4297 ||| FLEEEEING.
  4298 | D:4      | 4298 ||| STAIRDANCE
  4386 | D:4      | Found a staircase to the Ecumenical Temple.
  4387 | D:4      | 4387 ||| PLANNING TEMPLE
  4406 | Temple   | Entered the Ecumenical Temple
  4407 | Temple   | 4407 ||| DRINKING 2 fuming grey potions.
  4408 | Temple   | 4408 ||| PLANNING D:1-11
  4482 | D:4      | 4482 ||| Stepping ~*~*~tactically~*~*~ (stealth).
  4514 | D:4      | 4514 ||| DRINKING potion of curing.
  4514 | D:4      | 4514 ||| (to cure confusion)
  4515 | D:4      | 4515 ||| Stepping ~*~*~tactically~*~*~ (outnumbered).
  4737 | D:4      | 4737 ||| READING 2 scrolls of identify.
  4737 | D:4      | 4737 ||| IDENTIFYING orange potion
  4741 | D:5      | Entered Level 5 of the Dungeon
  4742 | D:5      | 4742 ||| PLANNING SEWER
  4748 | D:5      | 4748 ||| Stepping ~*~*~tactically~*~*~ (outnumbered).
  4749 | D:5      | 4749 ||| Stepping ~*~*~tactically~*~*~ (outnumbered).
  4750 | D:5      | 4750 ||| Stepping ~*~*~tactically~*~*~ (outnumbered).
  4751 | D:5      | 4751 ||| Stepping ~*~*~tactically~*~*~ (outnumbered).
  4752 | D:5      | 4752 ||| Stepping ~*~*~tactically~*~*~ (outnumbered).
  4753 | D:5      | 4753 ||| Stepping ~*~*~tactically~*~*~ (outnumbered).
  4754 | D:5      | 4754 ||| Stepping ~*~*~tactically~*~*~ (outnumbered).
  4755 | D:5      | 4755 ||| Stepping ~*~*~tactically~*~*~ (outnumbered).
  4772 | D:5      | HP: 14/57 [orc priest/+0 short sword (1)]
  4773 | D:5      | 4773 ||| DRINKING 2 potions of heal wounds.
  4779 | D:5      | HP: 5/57 [orc priest/divine providence (12)]
  4780 | D:5      | 4780 ||| DRINKING potion of heal wounds.
  4953 | D:5      | Reached XP level 8. HP: 63/63 MP: 9/9
  4958 | D:5      | Reached skill level 8 in Unarmed Combat
  5381 | D:5      | Reached skill level 9 in Unarmed Combat
  5434 | D:5      | Reached skill level 3 in Armour
  5434 | D:5      | 5434 ||| RIP SEWER
  5474 | D:5      | 5474 ||| PLANNING D:1-11
  5533 | D:5      | 5533 ||| Stepping ~*~*~tactically~*~*~ (water).
  5724 | D:5      | 5724 ||| DROPPING amulet of faith.
  5725 | D:5      | 5725 ||| READING scroll labelled JURGHU UPARA.
  5726 | D:5      | 5726 ||| READING 2 scrolls of identify.
  5726 | D:5      | 5726 ||| IDENTIFYING bubbling dark potion
  5727 | D:5      | 5727 ||| DROPPING potion of invisibility.
  5792 | D:6      | 5792 ||| STAIRDANCE
  5970 | D:6      | 5970 ||| Stepping ~*~*~tactically~*~*~ (outnumbered).
  5972 | D:6      | 5972 ||| Stepping ~*~*~tactically~*~*~ (outnumbered).
  5974 | D:6      | 5974 ||| Stepping ~*~*~tactically~*~*~ (outnumbered).
  5983 | D:6      | 5983 ||| Stepping ~*~*~tactically~*~*~ (outnumbered).
  5985 | D:6      | HP: 16/68 [gnoll/+0 spear[a gnoll sergeant] (2)]
  5986 | D:6      | 5986 ||| DRINKING 3 potions of heal wounds.
  5987 | D:6      | 5987 ||| Stepping ~*~*~tactically~*~*~ (outnumbered).
  5988 | D:6      | 5988 ||| DRINKING 2 potions of heal wounds.
  5989 | D:6      | HP: 6/68 [orc warrior/+0 halberd (9)]
  5990 | D:6      | 5990 ||| DRINKING potion of heal wounds.
  5993 | D:6      | 5993 ||| Stepping ~*~*~tactically~*~*~ (outnumbered).
  5994 | D:6      | HP: 5/68 [gnoll/+0 flail[a gnoll sergeant] (2)]
  5995 | D:6      | Slain by a gnoll

Levels and vault maps discovered:
D:1:      amcnicky_arrival_underground_garden, layout_loops_ring,
          ebering_ecumenical_altar_hall, chequers_serial_rivers_micro_d,
          minmay_misc_feat_diagonals
D:2:      layout_loops_ring, reono_crystal_passage, minmay_misc_feat_enclosed,
          serial_park_tiny_pond, chequers_serial_rivers_micro_c,
          kennysheep_generic_room_11
D:3:      layout_loops_ring, tso_altar, uniq_grinder
D:4:      layout_rooms, minmay_temple_entry_stoned_glass
D:5:      layout_gridville, portal_sewer_entry_e, kennysheep_generic_room_8
D:6:      layout_basic, mainiacjoe_overflow_six_doors_small
Temple:   nicolae_temple_no_exploring_needed

Skill      XL: |  1  2  3  4  5  6  7  8 |
---------------+-------------------------+-----
Unarmed Combat | 1 2 3 4 6 7 9 |  9.4
Fighting       | 1 3 5 |  5.0
Armour         | 2 3 |  3.6
Dodging        | |  1.7
Stealth        | |  2.1
Spellcasting   | |  1.7
Conjurations   | |  0.7
Fire Magic     | |  2.4

Action                   |  1- 3 |  4- 6 |  7- 9 || total
-------------------------+-------+-------+-------++-------
Melee: Unarmed           |   142 |    94 |   188 ||   424
       Punch             |     2 |       |     8 ||    10
  Use: Scroll            |     3 |     1 |     5 ||     9
       Potion            |     1 |     2 |     7 ||    10
Armor: Robe              |     7 |       |       ||     7
       Chain mail        |    38 |    52 |       ||    90
       Plate armour      |       |     8 |   134 ||   142
Dodge: Dodged            |    66 |    24 |    37 ||   127

Table legend:
 A = Non-vault XP
 B = Vault XP
 C = Vault XP percentage of total XP
 D = Non-vault monster count
 E = Vault monster count
 F = Vault count percentage of total count
                 A         B        C        D         E       F
            +---------+---------+-------+---------+---------+-------
      Total |    1812 |     396 |  17.9 |     104 |      11 |   9.6
            +---------+---------+-------+---------+---------+-------
        D:1 |      45 |       0 |   0.0 |      25 |       0 |   0.0
        D:2 |      38 |       1 |   2.6 |      13 |       1 |   7.1
        D:3 |     422 |     249 |  37.1 |      23 |       1 |   4.2
        D:4 |     319 |       0 |   0.0 |      20 |       0 |   0.0
        D:5 |     697 |     146 |  17.3 |      16 |       9 |  36.0
        D:6 |     291 |       0 |   0.0 |       7 |       0 |   0.0
            +---------+---------+-------+---------+---------+-------
